 Dungeon Crawl Stone Soup version 0.25-a0-246-g58704a1ebd (webtiles) character file.

Game seed: 11829357443549400961, levelgen mode: classic

91 Borgoz the Shield-Bearer (level 4, -13/31 HPs)
             Began as a Halfling Fighter on Dec 4, 2019.
             Mangled by an ogre
             ... wielding a +0 giant spiked club
              (20 damage)
             ... on level 3 of the Dungeon.
             The game lasted 00:01:51 (1087 turns).

Borgoz the Shield-Bearer (Halfling Fighter)         Turns: 1087, Time: 00:01:51

Health: -13/31     AC:  8    Str: 23    XL:     4   Next: 88%
Magic:  4/4        EV:  9    Int:  6    God:
Gold:   88         SH: 10    Dex: 13    Spells: 3/3 levels left

rFire    . . .     SeeInvis .   a - +0 rapier
rCold    . . .     Gourm    .   c - +0 shield
rNeg     . . .     Faith    .   b - +0 scale mail
rPois    .         Spirit   .   (no helmet)
rElec    .         Reflect  .   (no cloak)
rCorr    .         Harm     .   k - +0 pair of gloves
MR       .....                  (no boots)
Stlth    ..........             (no amulet)
HPRegen  0.10/turn              (no ring)
MPRegen  0.09/turn              (no ring)

@: mighty
A: small, mutation resistance 1
a: no special abilities


You were on level 3 of the Dungeon.
You were not hungry.

You visited 1 branch of the dungeon, and saw 3 of its levels.

You collected 88 gold pieces.

Inventory:

Hand Weapons
 a - a +0 rapier (weapon)
Armour
 b - a +0 scale mail (worn)
 c - a +0 shield (worn)
 k - a +0 pair of gloves (worn)
Scrolls
 l - a scroll of identify {unknown}
 m - a scroll of teleportation {unknown}
Potions
 h - a potion of curing {unknown}
 i - a potion of degeneration {unknown}
 j - a potion of haste {unknown}
 n - a potion of magic {unknown}
Comestibles
 f - 4 rations
 g - 7 chunks of flesh


   Skills:
 + Level 3.2 Fighting
 + Level 3.5 Short Blades
 + Level 4.0 Armour
 + Level 4.0 Shields


You had 3 spell levels left.
You didn't know any spells.
Your spell library was empty.

Dungeon Overview and Level Annotations

Branches:
Dungeon (3/15)

Altars:


Innate Abilities, Weirdness & Mutations

You are small and have problems with some larger weapons.
You are somewhat resistant to further mutation.


Message History

The ogre is heavily wounded.
The ogre closely misses you.
You barely miss the ogre.
The ogre is heavily wounded.
You hit the ogre.
The ogre is severely wounded.
The ogre hits you with a +0 giant spiked club!
The kobold hits you but does no damage.
You closely miss the ogre.
The ogre is severely wounded.
The ogre hits you with a +0 giant spiked club!
* * * LOW HITPOINT WARNING * * *
You block the kobold's attack.
You are too injured to fight recklessly!
You are too injured to fight recklessly!
You closely miss the ogre.
The ogre is severely wounded.
The ogre hits you with a +0 giant spiked club!!
Ouch! That really hurt!
You die...

..$. #......
.......
..###..<...
#......
...........
###.....##
..###......
........#.##
...........
#......##.#
.)..#......
#.......#.##
#####......
#.....K....#
#......
#.....O@...#
##.....
##..).......#
##....
#....<.....##
#####
....##......##
. ########


You could see an ogre and a kobold.

Vanquished Creatures
  2 adders (D:2)
  An ooze (D:2)
  A worm (D:2)
  3 dart slugs
  A leopard gecko (D:1)
  4 orcs
  2 ball pythons
  4 giant cockroaches
  3 hobgoblins
  6 jackals (D:2)
  4 kobolds
  5 bats
  4 frilled lizards
  8 goblins
  4 rats
52 creatures vanquished.

Notes
Turn   | Place    | Note
-------+----------+-------------------------------------------
     0 | D:1      | Borgoz the Halfling Fighter began the quest for the Orb.
     0 | D:1      | Reached XP level 1. HP: 15/15 MP: 1/1
   220 | D:2      | Reached XP level 2. HP: 20/20 MP: 2/2
   678 | D:2      | Reached XP level 3. HP: 25/25 MP: 3/3
   789 | D:2      | Reached XP level 4. HP: 27/31 MP: 4/4
  1075 | D:3      | Noticed an ogre
  1087 | D:3      | Mangled by an ogre

Levels and vault maps discovered:
D:1:      dpeg_arrival_rooms_c, layout_loops_ring
D:2:      layout_loops_ring, marbit_many_paths, first_ration
D:3:      layout_rooms, lemuel_crystal_altar, chequers_ecumenical_altar_twisty

Skill      XL: |  1  2  3  4 |
---------------+-------------+-----
Short Blades   | 3 |  3.5
Fighting       | 3 |  3.2
Armour         | 4 |  4.0
Shields        | 4 |  4.0

Action                   |  1- 3 |  4- 6 || total
-------------------------+-------+-------++-------
Melee: Rapier            |    84 |    74 ||   158
  Use: Scroll            |       |     1 ||     1
       Potion            |       |     1 ||     1
  Eat: Chunk             |       |     1 ||     1
Armor: Scale mail        |    30 |    24 ||    54
Dodge: Dodged            |    28 |    17 ||    45
Block: Shield            |    40 |    44 ||    84

Table legend:
 A = Non-vault XP
 B = Vault XP
 C = Vault XP percentage of total XP
 D = Non-vault monster count
 E = Vault monster count
 F = Vault count percentage of total count
                 A         B        C        D         E       F
            +---------+---------+-------+---------+---------+-------
      Total |     130 |       1 |   0.8 |      51 |       1 |   1.9
            +---------+---------+-------+---------+---------+-------
        D:1 |      26 |       0 |   0.0 |      14 |       0 |   0.0
        D:2 |     100 |       1 |   1.0 |      35 |       1 |   2.8
        D:3 |       4 |       0 |   0.0 |       2 |       0 |   0.0
            +---------+---------+-------+---------+---------+-------
